 Dungeon Crawl Stone Soup version 0.21.1 (webtiles) character file.

759 Stimme the Chopper (level 7, 0/50 HPs)
             Began as an Octopode Berserker on Feb 3, 2018.
             Was an Elder of Trog.
             Slain by an orc
             ... wielding a +0 flail
              (8 damage)
             ... on level 5 of the Dungeon.
             The game lasted 00:34:29 (3583 turns).

Stimme the Chopper (Octopode Berserker)             Turns: 3583, Time: 00:34:31

Health: 0/50       AC:  1    Str: 17    XL:     7   Next: 80%
Magic:  7/7        EV: 15    Int:  9    God:    Trog [****..]
Gold:   235        SH:  0    Dex: 13    Spells: 6/6 levels left

rFire    . . .     SeeInvis .   q - +0 hand axe
rCold    . . .     Gourm    .   (no shield)
rNeg     . . .     Faith    .   (helmet restricted)
rPois    .         Spirit   .   o - amulet of rage
rElec    .         Reflect  .   n - +5 ring of slaying
rCorr    .         Harm     .   (no ring)
MR       .....                  (no ring)
Stlth    +++.......             (no ring)
HPRegen  0.16/turn              (no ring)
MPRegen  0.10/turn              (no ring)
                                (no ring)
                                (no ring)

@: very slightly contaminated
A: almost no armour, stealthy swim, amphibious, 8 rings, constrict 8, camouflage
1, gelatinous body 1
a: Berserk, Trog's Hand, Brothers in Arms, Burn Spellbooks, Renounce Religion,
Evoke Berserk Rage


You were on level 5 of the Dungeon.
You worshipped Trog.
Trog was greatly pleased with you.
You were not hungry.

You visited 1 branch of the dungeon, and saw 5 of its levels.
You also visited: Sewer.

You collected 235 gold pieces.

Inventory:

Hand Weapons
 q - a +0 hand axe (weapon)
Missiles
 c - 165 stones (quivered)
 p - 12 javelins
 u - 6 poisoned javelins
Jewellery
 n - a +5 ring of slaying (left tentacle)
 o - an amulet of rage (around mantle)
Wands
 a - a wand of polymorph (13)
Scrolls
 g - a scroll of magic mapping
 h - a scroll of immolation {unknown}
 i - 6 scrolls of identify
 j - a scroll of teleportation {unknown}
 l - a scroll of amnesia {unknown}
 m - 2 scrolls of remove curse {unknown}
 s - 2 scrolls of fog {unknown}
Potions
 d - a potion of lignification
 e - a potion of curing
 k - 2 potions of invisibility
 r - a potion of agility {unknown}
 t - a potion of magic
Comestibles
 b - 4 rations


   Skills:
 + Level 5.3 Fighting
 * Level 6.1 Axes
 + Level 4.7 Dodging
 - Level 3.3 Stealth
 - Level 0.5 Evocations


You had 6 spell levels left.
You didn't know any spells.

Dungeon Overview and Level Annotations

Branches:
Dungeon (5/15)             Temple (0/1) D:4

Altars:
Elyvilon
Gozag
Makhleb
Nemelex Xobeh
Okawaru
Trog


Innate Abilities, Weirdness & Mutations

You cannot wear most types of armour.
You are very stealthy in the water. (Stealth+)
You are amphibious.
You can wear up to eight rings at the same time.
You can use your tentacles to constrict eight enemies at once.
Your skin changes colour to match your surroundings (Stealth+).
Your rubbery body absorbs attacks. (AC +1, EV +1)


Message History

* * * LOW HITPOINT WARNING * * *
Okay, then.
Okay, then.
Okay, then.
Okay, then.
You feel better. The orc priest misses you. The orc wizard misses you.
The adder zombie closely misses you.
You fail to use your ability.
The orc priest hits you but does no damage.
The orc hits you with a flail! The orc wizard hits you with a dagger.
* * * LOW HITPOINT WARNING * * *
The adder zombie closely misses you.
You barely miss the orc wizard. You grab the orc wizard.
The orc wizard is severely wounded.
You hit the orc. You hit the adder zombie. You slash the orc priest!
You constrict the orc wizard. The orc priest misses you.
The orc wizard hits you with a dagger.
* * * LOW HITPOINT WARNING * * *
The orc hits you with a flail!
You die...

#.# #.#
#.........#
.......$###.#
.##.###.# #.
..# .##..##.#
........###.#
#...o@Z...#
+.....oo.......
####...########
#..# #.# #. #


You could see an orc priest, an orc wizard, an orc and an adder zombie.

Vanquished Creatures
  A phantom (D:4)
  2 bullfrogs (Sewer)
  4 orc priests (D:3)
  A hound (D:4)
  A centaur skeleton (D:4)
  Crazy Yiuf (D:3)
  Ijyb (D:3)
  An orc wizard (D:3)
  An iguana (D:4)
  A worker ant (D:4)
  Robin (D:4)
  5 adders
  3 gnolls (D:3)
  2 oozes
  5 worms
  4 dart slugs
  4 leopard geckos
  6 orcs
  12 giant cockroaches
  13 goblins
  9 hobgoblins
  6 jackals
  13 kobolds
  9 ball pythons
  7 bats
  9 frilled lizards
  A quokka skeleton (D:4)
  10 rats
133 creatures vanquished.

Notes
Turn   | Place    | Note
-------+----------+-------------------------------------------
     0 | D:1      | Stimme the Octopode Berserker began the quest for the Orb.
     0 | D:1      | Reached XP level 1. HP: 16/16 MP: 1/1
   321 | D:1      | Reached XP level 2. HP: 21/21 MP: 2/2
   486 | D:1      | Reached XP level 3. HP: 24/26 MP: 3/3
   591 | D:1      | Reached ** piety under Trog
   862 | D:2      | Found a sparkling altar of Nemelex Xobeh.
   984 | D:2      | Reached XP level 4. HP: 26/33 MP: 4/4
  1026 | D:2      | Found a white marble altar of Elyvilon.
  1089 | D:2      | Found a burning altar of Makhleb.
  1103 | D:2      | Reached skill level 1 in Stealth
  1570 | D:3      | Found an opulent altar of Gozag.
  1635 | D:3      | Reached *** piety under Trog
  1698 | D:3      | Found an iron altar of Okawaru.
  1700 | D:3      | Found a bloodstained altar of Trog.
  1733 | D:3      | Reached skill level 4 in Axes
  1733 | D:3      | Reached XP level 5. HP: 34/37 MP: 5/5
  1948 | D:3      | Reached XP level 6. HP: 41/44 MP: 6/6
  2046 | D:3      | Found a runed door.
  2050 | D:3      | Noticed Crazy Yiuf
  2055 | D:3      | Killed Crazy Yiuf
  2359 | D:3      | Noticed Ijyb
  2366 | D:3      | Killed Ijyb
  2503 | D:4      | Found a glowing drain.
  2505 | D:4      | Reached skill level 5 in Axes
  2534 | Sewer    | Entered a sewer
  2573 | Sewer    | Reached **** piety under Trog
  2594 | Sewer    | Received a gift from Trog
  2666 | Sewer    | Reached XP level 7. HP: 49/49 MP: 7/7
  2669 | Sewer    | Reached skill level 5 in Fighting
  3021 | D:4      | Reached skill level 6 in Axes
  3086 | D:4      | Noticed Robin
  3097 | D:4      | Killed Robin
  3465 | D:4      | Found a staircase to the Ecumenical Temple.
  3570 | D:5      | Entered Level 5 of the Dungeon
  3583 | D:5      | Slain by an orc

Skill      XL: |  1  2  3  4  5  6  7 |
---------------+----------------------+-----
Stealth        | 1 2 3 |  3.3
Fighting       | 4 5 |  5.3
Axes           | 4 5 6 |  6.1
Dodging        | 4 |  4.7
Evocations     | |  0.5

Action                   |  1- 3 |  4- 6 |  7- 9 || total
-------------------------+-------+-------+-------++-------
Melee: Hand axe          |    79 |   111 |    44 ||   234
       Constrict         |    21 |    34 |    13 ||    68
       Tentacles         |     8 |    22 |     9 ||    39
Invok: Burn Spellbooks   |       |     1 |       ||     1
 Abil: Evoke Berserk Rag |       |     3 |     1 ||     4
  Use: Potion            |       |       |     5 ||     5
       Scroll            |       |       |     3 ||     3
 Stab: Sleeping          |     4 |     7 |     6 ||    17
  Eat: Chunk             |       |     8 |     4 ||    12
Armor: Skin              |     8 |     6 |     2 ||    16
Dodge: Dodged            |    58 |    53 |    25 ||   136
